 Dungeon Crawl Stone Soup version 0.19-a0-45-g2c295ea (webtiles) character file.

18 Duffy the Chopper (level 2, -4/22 HPs)
             Began as a Formicid Warper on May 5, 2016.
             Slain by a hobgoblin (5 damage)
             ... led by Robin
             ... on level 1 of the Dungeon.
             The game lasted 00:00:55 (778 turns).

Duffy the Chopper (Formicid Warper)                  Turns: 778, Time: 00:00:56

Health: -4/22      AC:  3    Str: 15    XL:     2   Next: 85%
Magic:  5/5        EV: 11    Int: 12    God:
Gold:   6          SH:  0    Dex: 10    Spells: 1 memorised, 4 levels left

rFire  . . .     SeeInvis +     a - +0 hand axe
rCold  . . .     Gourm    .     b - +0 leather armour
rNeg   . . .     Faith    .     (no shield)
rPois  .         Spirit   .     (helmet unavailable)
rElec  .         Dismiss  .     (no cloak)
rCorr  .         Reflect  .     (no gloves)
SustAt .         Harm     +     (no boots)
MR     .....                    o - amulet of harm
Stlth  +.........               (no ring)
                                (no ring)

@: not resistant to hostile enchantments, very unstealthy
A: permanent stasis, dig shafts and tunnels, four strong arms, antennae 3
a: Dig, Shaft Self


You were on level 1 of the Dungeon.
You were not hungry.

You visited 1 branch of the dungeon, and saw 2 of its levels.

You collected 6 gold pieces.


Innate Abilities, Weirdness & Mutations

You are under a permanent stasis effect.
You can dig through walls and to a lower floor.
Your four strong arms can wield two-handed weapons with a shield.
You have a pair of large antennae on your head (SInv).


   Skills:
 - Level 2.1 Fighting
 + Level 3.1 Axes
 - Level 1.0 Throwing
 - Level 1.1 Armour
 - Level 1.7 Dodging
 - Level 2.1 Spellcasting
 - Level 2.6 Translocations


You had 4 spell levels left.
You knew the following spells:

 Your Spells              Type           Power        Failure   Level  Hunger
a - Apportation           Tloc           #.........   12%         1    ##.....

Inventory:

Hand Weapons
 a - a +0 hand axe (weapon)
Missiles
 e - 5 tomahawks of dispersal (quivered)
Armour
 b - a +0 leather armour (worn)
Jewellery
 o - an amulet of harm (around neck)
Scrolls
 d - a scroll of blinking
 g - a scroll of noise {unknown}
 m - a scroll of enchant armour {unknown}
Potions
 h - a potion of curing {unknown}
 j - a potion of flight {unknown}
 k - a potion of lignification {unknown}
 l - a potion of beneficial mutation {unknown}
 n - a potion of agility {unknown}
Books
 c - a book of Spatial Translocations
Comestibles
 f - a bread ration
 i - 5 fruits

Dungeon Overview and Level Annotations

Branches:
Dungeon (2/15)

Altars:

Annotations:
D:2 Robin


Message History

The goblin hits you but does no damage.
A goblin and a hobgoblin come into view.
The goblin shouts!
The hobgoblin shouts!
Robin throws the goblin at you! The hobgoblin hits you. The goblin hits you.
You climb upwards.
There is a stone staircase leading down here.
You are too injured to fight recklessly!
You are too injured to fight recklessly!
You are too injured to fight recklessly!
You are too injured to fight recklessly!
You are too injured to fight recklessly!
You are too injured to fight recklessly!
You are too injured to fight recklessly!
You are too injured to fight recklessly!
You are too injured to fight recklessly!
You are too injured to fight recklessly!
You are too injured to fight recklessly!
You are too injured to fight recklessly!
You are too injured to fight recklessly!
You are too injured to fight recklessly!
You are too injured to fight recklessly!
You are too injured to fight recklessly!
You are too injured to fight recklessly!
You are too injured to fight recklessly!
You are too injured to fight recklessly!
You are too injured to fight recklessly!
You are too injured to fight recklessly!
The hobgoblin closely misses you. The goblin barely misses you.
The hobgoblin no longer looks unusually strong.
The goblin no longer looks unusually strong.
The goblin hits you.
You see here a dagger of speed.
You barely miss the goblin. The goblin barely misses you.
You hit the goblin.
You kill the goblin!
You hit the hobgoblin but do no damage.
The hobgoblin hits you but does no damage.
You hit the hobgoblin.
The hobgoblin is lightly wounded.
The hobgoblin hits you.
You barely miss the hobgoblin.
The hobgoblin is lightly wounded.
The hobgoblin hits you but does no damage.
You barely miss the hobgoblin.
The hobgoblin is lightly wounded.
The hobgoblin hits you.
You barely miss the hobgoblin.
The hobgoblin is lightly wounded.
The hobgoblin hits you.
You die...

####...#.....##............#####.
...........................# #.
######...........#.........# #. #
#.....##..#..........####### #
##.....###..##........#~~~~~~ ##
##...##..###..#........#~~~~~.
.###..........##).........#~~....
................g#........#~...~~
...........##...@###.###.##~..~~~
...........####...##.# #.##~...~~
.###.#.####.......#..###.##~~....
## #.....##.....#......#.##~~~~~.
# ###.#.##.....#...##.#.##~~~~~~
# #.#.##........###.#.######## #
#.#........##..##.#.# #
######.###.......##......# #####
....##.####.......###....## #....


You could see a hobgoblin.

Action                   || total
-------------------------++-------
Melee: Hand axe          ||    89
Armor: Leather armour    ||    41
Dodge: Dodged            ||    75

Notes
Turn   | Place    | Note
--------------------------------------------------------------
     0 | D:1      | Duffy the Formicid Warper began the quest for the Orb.
     0 | D:1      | Reached XP level 1. HP: 16/16 MP: 3/3
   334 | D:1      | Reached XP level 2. HP: 20/22 MP: 5/5
   593 | D:1      | Reached skill level 3 in Axes
   750 | D:2      | Noticed Robin
   778 | D:1      | Slain by a hobgoblin

Skill      XL: |  1  2 |
---------------+-------+-----
Axes           | 3 |  3.1
Fighting       | |  2.1
Throwing       | |  1.0
Armour         | |  1.1
Dodging        | |  1.7
Spellcasting   | |  2.1
Translocations | |  2.6

Vault maps used:
D:1:      dpeg_arrival_shrine
D:2:      ashenzari_conservatory_becter, uniq_crazy_yiuf_cottage, uniq_robin

Vanquished Creatures
  A dart slug
  A giant cockroach
  3 goblins
  A hobgoblin
  5 bats
  3 giant newts
  3 rats
17 creatures vanquished.
